 Dungeon Crawl Stone Soup version 0.27.1-33-g824d729ab1 (webtiles) character file.

Game seed: 617029639032055981

133 pkoi the Insei (level 4, -10/38 HPs)
             Began as a Draconian Monk on Dec 28, 2021.
             Mangled by an iguana (12 damage)
             ... on level 4 of the Dungeon.
             The game lasted 00:02:17 (2714 turns).

pkoi the Insei (Draconian Monk)                     Turns: 2714, Time: 00:02:18

Health: -10/38     AC:  5    Str: 13    XL:     4   Next: 94%
Magic:  4/4        EV: 12    Int: 12    God:
Gold:   198        SH:  0    Dex: 13    Spells: 3/3 levels left

rFire    . . .     SeeInvis .     - Unarmed
rCold    . . .     Faith    .   (no shield)
rNeg     . . .     Spirit   .   (armour unavailable)
rPois    .         Reflect  .   (helmet restricted)
rElec    .         Harm     .   (no cloak)
rCorr    .         Rampage  .   (no gloves)
Will     .....                  (no boots)
Stlth    ++........             (no amulet)
HPRegen  0.12/turn              (no ring)
MPRegen  0.09/turn              (no ring)

@: no status effects
A: AC +5, unfitting armour, cold-blooded
a: no special abilities


You were on level 4 of the Dungeon.
You visited 1 branch of the dungeon, and saw 4 of its levels.

You collected 198 gold pieces.

Inventory:

Missiles
 f - 4 boomerangs (quivered)
 j - 8 poisoned darts
Scrolls
 b - 4 scrolls of teleportation {unknown}
 c - a scroll of torment {unknown}
 d - a scroll of blinking {unknown}
 e - a scroll of fog {unknown}
 g - a scroll of summoning {unknown}
 i - 2 scrolls of identify {unknown}
Potions
 a - a potion of brilliance {unknown}
 h - a potion of invisibility {unknown}
 k - 2 potions of curing
 l - a potion of mutation {unknown}
 m - a potion of flight {unknown}
 n - a potion of might {unknown}


   Skills:
 - Level 3.2 Fighting
 - Level 2.6 Dodging
 - Level 1.7 Stealth
 + Level 5.7 Unarmed Combat


You had 3 spell levels left.
You didn't know any spells.
Your spell library contained the following spells:

 Spells                   Type           Power      Damage    Failure   Level
 Slow                     Hex            0%         N/A       45%         2
 Confusing Touch          Hex            0%         N/A       69%         3
 Vampiric Draining        Necr           0%         2d6       69%         3


Dungeon Overview and Level Annotations

Branches:
Dungeon (4/15)
 Temple: D:4-7

Altars:
Hepliaklqana


Innate Abilities, Weirdness & Mutations

Your plain brown scales are hard. (AC +5)
You cannot fit into any form of body armour.
You are cold-blooded and may be slowed by cold attacks.


Message History

You are too injured to fight recklessly!
You are too injured to fight recklessly!
You are too injured to fight recklessly!
You are too injured to fight recklessly!
You are too injured to fight recklessly!
You are too injured to fight recklessly!
You hit the iguana but do no damage. You tail-slap the iguana.
The iguana is lightly wounded.
The iguana barely misses you.
You closely miss the iguana.
The iguana is lightly wounded.
The iguana bites you but does no damage.
You closely miss the iguana.
Your tail-slap misses the iguana.
The iguana is lightly wounded.
The iguana bites you.
* * * LOW HITPOINT WARNING * * *
You punch the iguana!
You tail-slap the iguana, but do no damage.
The iguana is heavily wounded.
The iguana bites you!
* * * LOW HITPOINT WARNING * * *
You barely miss the iguana.
The iguana is heavily wounded.
The iguana barely misses you.
You barely miss the iguana.
The iguana is heavily wounded.
You hit the iguana.
The iguana is severely wounded.
The iguana bites you but does no damage.
You hit the iguana but do no damage.
The iguana is severely wounded.
The iguana misses you.
You hit the iguana but do no damage.
The iguana is severely wounded.
The iguana bites you!
* * * LOW HITPOINT WARNING * * *
You hit the iguana.
Your tail-slap misses the iguana.
The iguana is almost dead.
The iguana bites you!
You die...

### . #.# #.#
.########.# #..##
........).# <...##
..........## ##....(#
...........## ##......#
##....####..###.......$
##..## ##..#..l..##
#..## ##....@†..#
##..## ##..####..#
##..## #..## .# ##..##
#....# ##..###..#..#
##.>..####..# ##...#
#.. ###....# #..
####......#


You could see an iguana.

Vanquished Creatures
  Natasha (D:3)
  3 adders
  A worm (D:2)
  3 dart slugs
  3 orcs (D:3)
  4 endoplasms
  A giant cockroach (D:1)
  5 goblins
  6 hobgoblins
  8 jackals (D:1)
  6 kobolds
  4 quokkas
  5 ball pythons
  8 bats
  8 rats
66 creatures vanquished.

Notes
Turn   | Place    | Note
-------+----------+-------------------------------------------
     0 | D:1      | pkoi the Draconian Monk began the quest for the Orb.
     0 | D:1      | Reached XP level 1. HP: 19/19 MP: 1/1
    49 | D:1      | Reached XP level 2. HP: 24/26 MP: 2/2
   227 | D:1      | Reached skill level 4 in Unarmed Combat
   259 | D:1      | You fall into a shaft and drop 1 floor!
   433 | D:1      | Reached XP level 3. HP: 30/31 MP: 3/3
  1334 | D:2      | Reached XP level 4. HP: 37/38 MP: 4/4
  1365 | D:2      | Found a faded altar of an unknown god.
  1518 | D:3      | Reached skill level 5 in Unarmed Combat
  2087 | D:3      | Found a hazy altar of Hepliaklqana.
  2109 | D:3      | Noticed Natasha
  2122 | D:3      | Killed Natasha
  2714 | D:4      | Mangled by an iguana

Illustrated notes

Levels and vault maps discovered:
D:1:      dpeg_arrival_pond, layout_loops_ring, minmay_nonomino_d4
D:2:      layout_basic, shapermc_ecumenical_altar_hornbeckon,
          small_statue_intersection, solitary_fountain
D:3:      layout_basic, mainiacjoe_overflow_brackets, uniq_natasha
D:4:      cheibrodos_helix_gallery, layout_layer_cave

Skill      XL: |  1  2  3  4 |
---------------+-------------+-----
Unarmed Combat | 4 5 |  5.7
Fighting       | |  3.2
Dodging        | |  2.6
Stealth        | |  1.7

Action                   |  1- 3 |  4- 6 || total
-------------------------+-------+-------++-------
Melee: Unarmed           |   132 |    96 ||   228
       Tailslap          |    13 |    10 ||    23
       Punch             |     2 |     1 ||     3
 Stab: Sleeping          |     3 |     1 ||     4
       Distracted        |       |     1 ||     1
Armor: Skin              |    52 |    26 ||    78
Dodge: Dodged            |    81 |    43 ||   124
